 Dungeon Crawl Stone Soup version 0.29-a0-92-gee772dd00f (webtiles) character file.

Game seed: 17689074990830874869

64 drugrobin the Grasshopper (level 3, -2/43 HPs)
             Began as a Demigod Warper on Feb 10, 2022.
             Slain by an iguana (4 damage)
             ... on level 4 of the Dungeon.
             The game lasted 00:05:50 (2144 turns).

drugrobin the Grasshopper (Demigod Warper)          Turns: 2144, Time: 00:05:51

Health: -2/43      AC: 21    Str: 16    XL:     3   Next: 64%
Magic:  8/8        EV:  2    Int: 15    God:
Gold:   81         SH:  0    Dex: 13    Spells: 3/5 levels left

rFire   + . .      SeeInvis .   a - +0 spear
rCold   + . .      Faith    .   (no shield)
rNeg    . . .      Spirit   .   (armour currently unavailable)
rPois   +          Reflect  .   (helmet currently unavailable)
rElec   +          Harm     .   (cloak currently unavailable)
rCorr   +          Rampage  .   (gloves currently unavailable)
Will    .....      NoTele   +   (boots currently unavailable)
Stlth   +.........              l - amulet of the acrobat
HPRegen 0.14/turn               (no ring)
MPRegen 0.11/turn               (no ring)

@: tree-form (expiring), resistant, attractive
A: stationary, stasis, torment immunity, boosted hp, high MP 1, forlorn, divine
attributes
a: no special abilities


You were on level 4 of the Dungeon.
You were a tree.
You visited 1 branch of the dungeon, and saw 6 of its levels.

You collected 81 gold pieces.

Inventory:

Hand Weapons
 a - a +0 spear (weapon)
 b - a +0 hunting sling
Missiles
 d - 5 boomerangs of dispersal (quivered)
 e - 7 poisoned darts
 k - 15 sling bullets
 n - a throwing net
Armour
 m - a +0 leather armour (melded)
Magical Staves
 f - a staff of death
Jewellery
 l - an amulet of the acrobat (around neck)
 t - a ring of ice
Scrolls
 c - 2 scrolls of blinking
 h - a scroll of identify {unknown}
 i - a scroll of magic mapping {unknown}
 p - a scroll of enchant weapon {unknown}
 s - a scroll of enchant armour {unknown}
Potions
 j - a potion of lignification


   Skills:
 - Level 1.7 Fighting
 + Level 3.0 Polearms
 - Level 0.8 Throwing
 - Level 0.8 Armour
 - Level 1.7 Dodging
 - Level 1.7 Spellcasting
 + Level 3.6 Translocations


You had 3 spell levels left.
You knew the following spells:

 Your Spells              Type           Power      Damage    Failure   Level
a - Blink                 Tloc           24%        N/A       8%          2

Your spell library contained the following spells:

 Spells                   Type           Power      Damage    Failure   Level
 Gell's Gravitas          Tloc           12%        N/A       16%         3
 Lesser Beckoning         Tloc           12%        N/A       16%         3
 Teleport Other           Tloc           12%        N/A       16%         3
 Static Discharge         Conj/Air       1%         N/A       34%         2
 Manifold Assault         Tloc           12%        N/A       80%         5
 Dispel Undead            Necr           1%         3d6       92%         4
 Sticky Flame             Conj/Fire      1%         2d3       92%         4
 Conjure Ball Lightning   Conj/Air       0%         3x3d6     100%        6
 Discord                  Hex            0%         N/A       100%        8
 Disjunction              Tloc           6%         N/A       100%        8


Dungeon Overview and Level Annotations

Branches:
Dungeon (6/15)
 Temple: D:4-7

Shops:
D:2 (


Innate Abilities, Weirdness & Mutations

You are a tree.
Your roots penetrate the ground, keeping you stationary.
You cannot be teleported.
You are immune to unholy pain and torment.
Your maximum health is greatly increased.
Your equipment is partially melded.
You have an increased reservoir of magic. (+10% MP)
You shall have no god before yourself.
Your divine heritage dramatically boosts your attributes as you level up.


Message History

* * * LOW HITPOINT WARNING * * *
The wight barely misses you.
Unknown command.
Press: ? - help, v - describe, . - travel
Here: a wight, wielding a +0 mace and wearing a +0 robe The floor.
Unknown command.
Unknown command.
You hit the iguana.
The iguana is severely wounded.
Your transformation is almost over.
The iguana bites you but does no damage.
The wight hits you but does no damage.
Unknown command.
You hit the iguana but do no damage.
The iguana is severely wounded.
The iguana barely misses you. The wight hits you but does no damage.
Unknown command.
You closely miss the iguana.
The iguana is severely wounded.
The iguana bites you but does no damage.
The wight hits you but does no damage.
Unknown command.
Unknown command.
You hit the iguana.
The iguana is almost dead.
The iguana bites you.
* * * LOW HITPOINT WARNING * * *
The wight barely misses you.
Unknown command.
You hit the iguana.
The iguana is almost dead.
The iguana bites you but does no damage.
The wight hits you but does no damage.
Unknown command.
Unknown command.
You hit the iguana but do no damage.
The iguana is almost dead.
The iguana bites you.
You die...

>. ^.. !...
.....####+###+###
.................
.................
................. ###
..........#######.....
.............l♣zzz...(
?.........#######.....
..(......## ...
########.# . #.# #++


You could see an iguana and 3 wights.

Vanquished Creatures
  A howler monkey zombie (D:3)
  A gnoll (D:3)
  An adder skeleton (D:3)
  2 dart slugs (D:1)
  5 ball pythons (D:1)
  3 bats
  3 endoplasms
  A giant cockroach (D:1)
  2 goblins (D:1)
  3 hobgoblins
  2 jackals (D:1)
  3 quokkas
  2 frilled lizards
  3 kobolds (D:1)
  3 rats
35 creatures vanquished.

Notes
Turn   | Place    | Note
-------+----------+-------------------------------------------
     0 | D:1      | drugrobin the Demigod Warper began the quest for the Orb.
     0 | D:1      | Reached XP level 1. HP: 17/17 MP: 5/5
   540 | D:1      | Reached XP level 2. HP: 21/24 MP: 7/7
  1179 | D:2      | Learned a level 2 spell: Blink
  1181 | D:2      | Found Utafajim's Weapon Shop.
  1495 | D:2      | Reached XP level 3. HP: 29/29 MP: 8/8
  2081 | D:3      | You fall into a shaft and drop 3 floors!
  2081 | D:6      | Noticed a two-headed ogre
  2087 | D:5      | Entered Level 5 of the Dungeon
  2114 | D:5      | Noticed a phantom
  2138 | D:4      | HP: 2/43 [iguana (3)]
  2144 | D:4      | Slain by an iguana

Illustrated notes

Levels and vault maps discovered:
D:1:      tarquinn_simple_flora_water_f, layout_basic
D:2:      layout_rooms, serial_shops, nicolae_shop_bloodbath_and_beyond
D:3:      layout_basic, chequers_ecumenical_altar_simple, st_stairs_14
D:4:      layout_basic, portal_sewer_entry_a
D:5:      layout_rooms, uniq_pikel
D:6:      layout_basic, kiku_gazebo_garden_becter, minmay_temple_entry_arrows,
          uniq_blork_the_orc

Skill      XL: |  1  2  3 |
---------------+----------+-----
Polearms       | 2 3 |  3.0
Translocations | 3 |  3.6
Fighting       | |  1.7
Throwing       | |  0.8
Armour         | |  0.8
Dodging        | |  1.7
Spellcasting   | |  1.7

Action                   || total
-------------------------++-------
Melee: Spear             ||   141
       Staff             ||     5
 Fire: Hunting sling     ||     6
  Use: Potion            ||     4
       Scroll            ||     1
Armor: Leather armour    ||    22
       Skin              ||    21
Dodge: Dodged            ||    71

Table legend: (Time is in decaauts)
 A = Elapsed time spent in this place.
 B = Non-inter-level travel time spent in this place.
 C = Inter-level travel time spent in this place.
 D = Time resting spent in this place.
 E = Time spent auto-exploring this place.
 F = Levels seen in this place.
 G = Mean time per level.
                   A        B        C        D        E       F      G
               +--------+--------+--------+--------+--------+-----+--------+
         Total |   2133 |   2094 |     39 |    385 |   1219 |   6 |  355.5 |
       Dungeon |   2133 |   2094 |     39 |    385 |   1219 |   6 |  355.5 |
               +--------+--------+--------+--------+--------+-----+--------+

Top non-repeatable levels by time:
     D:1: 1166 daAuts
     D:2: 647 daAuts
     D:3: 258 daAuts
     D:5: 31 daAuts
     D:4: 23 daAuts
     D:6: 5 daAuts
